 Dungeon Crawl Stone Soup version 0.31-a0-731-ga75f04d (webtiles) character file.

Game seed: 15275803124746427197

29696 Rogue the Placeless Spriggan (level 13, -6/70 HPs)
             Began as a Spriggan Warper on Sept 11, 2023.
             Was a High Priest of Ashenzari.
             Mangled by an ice devil (23 damage)
             ... summoned by an orc sorcerer
             ... while paralysed by an orc sorcerer
             ... on level 1 of the Orcish Mines.
             The game lasted 03:10:54 (19907 turns).

Rogue the Placeless Spriggan (Spriggan Warper)     Turns: 19907, Time: 03:10:54

Health: -6/70      AC:  5    Str: 13    XL:     13   Next: 16%
Magic:  2/30       EV:  4    Int: 19    God:    Ashenzari [*****.]
Gold:   693        SH:  0    Dex: 15    Spells: 15/36 levels left

rFire   . . .        f - +2 dagger of Ashenzari's Secrets {venom, Alch, Range} (curse)
rCold   . . .        H - orb "Ensconced Together" {guile, Cun, Melee} (curse)
rNeg    . . .        b - +0 robe "Gaze Upon Infinity" {Fort, Elem} (curse)
rPois   .            (helmet restricted)
rElec   .            e - +2 cloak of the Visionary Gnosis {Cun, Self} (curse)
rCorr   +            (gloves unavailable)
SInv    +            (boots unavailable)
Will    .....        r - amulet "Profound Doubts" {Regen+, Bglg, Self} (curse)
Stlth   ++++         n - ring "Eternal With Me" {rCorr, Bglg, Melee} (curse)
HPRegen 1.11/turn    I - ring "Gnostic Ordeal" {Str+6, Alch, Elem} (curse)
MPRegen 0.22/turn

%: clarity
@: paralysed, studying Unarmed Combat, very quick
A: very small, no large weapons, unfitting armour, see invisible, speed 3
a: Renounce Religion, Curse Item, Shatter the Chains


You were on level 1 of the Orcish Mines.
You worshipped Ashenzari.
Ashenzari was extremely pleased with you.
You visited 3 branches of the dungeon, and saw 13 of its levels.
You also visited: Bailey.

You collected 693 gold pieces.

Inventory:

Hand Weapons
 a - a +0 short sword
 f - the cursed +2 dagger of Ashenzari's Secrets (weapon) {venom, Alch, Range}
   (You took it off an orc on level 5 of the Dungeon)

   It has a curse which improves the following skills: Alchemy: Poison Magic and
   Transmutations.
   Ranged Combat: Ranged Weapons and Throwing.
 g - a +0 rapier
 p - a +0 dagger of venom
 s - the +7 quarterstaff of Urecusoh {holy, Str+3}
   (You found it on level 3 of the Dungeon)

   Str+3:     It affects your strength (+3).
 A - a +2 quarterstaff of chaos
Missiles
 t - 3 curare-tipped darts
 K - 19 poisoned darts (quivered)
 O - 4 datura-tipped darts
Armour
 b - the cursed +0 robe "Gaze Upon Infinity" (worn) {Fort, Elem}

   It has a curse which improves the following skills: Fortitude: Armour and
   Shields.
   Elements:  Fire Magic, Ice Magic, Air Magic and Earth Magic.
 e - the cursed +2 cloak of the Visionary Gnosis (worn) {Cun, Self}
   (You found it on level 1 of the Dungeon)

   It has a curse which improves the following skills: Cunning: Dodging and
   Stealth.
   Introspection: Fighting and Spellcasting.
 H - the cursed orb "Ensconced Together" (worn) {guile, Cun, Melee}
   (You found it on level 7 of the Dungeon)

   It has a curse which improves the following skills: Cunning: Dodging and
   Stealth.
   Melee Combat: Short Blades, Long Blades, Axes, Maces & Flails, Polearms,
   Staves and Unarmed Combat.
 N - a +1 robe of fire resistance
Jewellery
 n - the cursed ring "Eternal With Me" (left hand) {rCorr, Bglg, Melee}
   (You took it off a hobgoblin on level 2 of the Dungeon)

   [ring of resist corrosion]

   rCorr:     It protects you from acid and corrosion.
   It has a curse which improves the following skills: Beguiling: Conjurations,
   Hexes and Translocations.
   Melee Combat: Short Blades, Long Blades, Axes, Maces & Flails, Polearms,
   Staves and Unarmed Combat.
 r - the cursed amulet "Profound Doubts" (around neck) {Regen+, Bglg, Self}
   (You took it off a goblin on level 4 of the Dungeon)

   [amulet of regeneration]

   Regen+:    It increases your rate of health regeneration.
   It has a curse which improves the following skills: Beguiling: Conjurations,
   Hexes and Translocations.
   Introspection: Fighting and Spellcasting.
 u - an amulet of magic regeneration
 I - the cursed ring "Gnostic Ordeal" (right hand) {Str+6, Alch, Elem}
   (You found it on level 9 of the Dungeon)

   [ring of strength]

   Str+6:     It affects your strength (+6).
   It has a curse which improves the following skills: Alchemy: Poison Magic and
   Transmutations.
   Elements:  Fire Magic, Ice Magic, Air Magic and Earth Magic.
 J - a ring of protection from cold
 L - a ring of protection from cold
Talismans
 i - a beast talisman
Wands
 d - a wand of polymorph (2)
Scrolls
 c - 3 scrolls of blinking
 h - 6 scrolls of fear
 l - 2 scrolls of summoning
 w - 2 scrolls of amnesia
 x - 4 scrolls of fog
 y - 3 scrolls of teleportation
 D - a scroll of revelation
 F - 2 scrolls of enchant armour
Potions
 j - 2 potions of haste
 k - 4 potions of curing
 m - 2 potions of invisibility
 o - 4 potions of mutation
 q - 4 potions of might
 v - 2 potions of brilliance
 z - a potion of cancellation
 B - 2 potions of enlightenment
 C - 3 potions of lignification
 E - a potion of magic
 G - a potion of heal wounds


   Skills:
 * Level 6.3(9.5) Fighting
 + Level 6.8(10.0) Short Blades
 + Level 3.7(5.6) Throwing
 + Level 5.9(9.1) Dodging
 + Level 6.6(9.8) Stealth
 + Level 8.8(12.0) Spellcasting
 + Level 3.8(6.6) Conjurations
 * Level 5.6(8.8) Hexes
 + Level 14.3(17.4) Translocations
 * Level 6.6(9.8) Transmutations
 * Level 8.0(11.2) Air Magic
 + Level 1.0(2.8) Earth Magic
 * Level 8.8 Evocations
 + Level 4.2 Shapeshifting


You had 15 spell levels left.
You knew the following spells:

 Your Spells              Type           Power      Damage    Failure   Level
a - Blink                 Tloc           100%       N/A       0%          2
b - Manifold Assault      Tloc           67%        N/A       1%          4
c - Vhi's Electric Charg  Tloc/Air       100%       N/A       1%          4
d - Iskenderun's Mystic   Conj/Tloc      55%        2d12      1%          4
e - Passwall              Tmut/Erth      29%        N/A       1%          2
f - Yara's Violent Unrav  Hex/Tmut       23%        3d10      3%          5

Your spell library contained the following spells:

 Spells                   Type           Power      Damage    Failure   Level
 Lesser Beckoning         Tloc           100%       N/A       0%          2
 Gell's Gravitas          Tloc           67%        N/A       0%          3
 Teleport Other           Tloc           67%        N/A       0%          3
 Foxfire                  Conj/Fire      96%        2x1d8     1%          1
 Sandblast                Erth           44%        2d11      1%          1
 Tukima's Dance           Hex            44%        N/A       1%          3
 Dimensional Bullseye     Hex/Tloc       28%        N/A       1%          4
 Inner Flame              Hex/Fire       28%        N/A       2%          3
 Stone Arrow              Conj/Erth      58%        3d10      2%          3
 Plasma Beam              Fire/Air       16%        2x1d28    63%         6
 Enfeeble                 Hex            22%        N/A       80%         7
 Starburst                Conj/Fire      12%        6d5       91%         6


Dungeon Overview and Level Annotations

Branches:
Dungeon (11/15)            Temple (1/1) D:4            Lair (0/5) D:8
    Orc (1/2) D:11         Bailey (visited)

Altars:
Ashenzari
Cheibriados
Dithmenos
Elyvilon
Fedhas
Gozag
Hepliaklqana
Kikubaaqudgha
Makhleb
Nemelex Xobeh
Okawaru
Qazlal
Ru
Sif Muna
Trog
Uskayaw
Vehumet
Wu Jian
Xom
Yredelemnul
Zin
The Shining One

Annotations:
D:10 Wizard1ke's ghost, journeyman OgBe


Innate Abilities, Weirdness & Mutations

You are very small and have problems with some larger weapons.
You are too small for most types of armour.
You have supernaturally acute eyesight. (SInv)
You cover ground extremely quickly. (Speed+++)


Message History

You suddenly lose the ability to move!
The orc sorcerer gestures at you while chanting.
You struggle to resist.
You kill the orc warrior!
The troll bites you! The troll claws you! x2
You can move again.
Casting: Iskenderun's Mystic Blast (safe; 1% risk of failure)
Confirm with . or Enter, or press ? or * to list all spells.
You erupt in a blast of force!
The mystic blast hits the orc priest!
The orc priest is almost dead.
The orc priest is knocked back by the mystic blast.
The mystic blast hits the troll!
You kill the troll!
The +0 troll leather armour is intact enough to wear.
The mystic blast hits the ogre!
You kill the ogre!
The orc sorcerer casts a spell.
Unknown command.
You see here a +0 giant club.
You closely miss the orc sorcerer.
The orc sorcerer is severely wounded.
You completely miss the orc sorcerer.
The orc sorcerer is severely wounded.
The orc sorcerer casts a spell at you.
You suddenly lose the ability to move!
The orc sorcerer hits you with a +0 dagger!
The orc sorcerer looks more healthy.
The orc priest mumbles some strange prayers to Beogh against you.
Beogh smites you!
* * * LOW HITPOINT WARNING * * *
The orc sorcerer barely misses you.
The orc priest hits you with a +0 short sword.
* * * LOW HITPOINT WARNING * * *
The ice devil barely misses you.
The orc sorcerer hits you with a +0 dagger.
* * * LOW HITPOINT WARNING * * *
The orc priest barely misses you. The ice devil hits you.
* * * LOW HITPOINT WARNING * * *
The ice devil freezes you!!
You die...

,..............#**
,...............*
,.......(......**
,.......(..).#**
,.....)[([..##
,$......))...### *
,.....)><....((##*
,......o))$.....#*
,.....[o@[[.>....,
*......4...).....,
,..............#.,
,................,
,......(...#.....,
*......(.......(.,
,...........#....,
*.#.#............,
,*#.##.......#...,


You could see an ice devil (summoned), an orc sorcerer and an orc priest.

Vanquished Creatures
  Erolcha (D:11)
  2 vault guards (Bailey)
  A boulder beetle (D:11)
  Erica (D:8)
  3 death yaks
  3 two-headed ogres
  An orc knight (D:11)
  An ugly thing (D:11)
  A kobold demonologist (D:10)
  An unseen horror (D:11)
  6 trolls
  2 hornets (D:9)
  Prince Ribbit (Bailey)
  2 vampires
  5 yaks (D:10)
  4 wyverns
  7 humans (Bailey)
  Grum (D:8)
  A basilisk (D:9)
  4 steam dragons
  Menkaure (D:7)
  5 vampire mosquitoes
  Edmund (D:4)
  A water moccasin (D:9)
  A floating eye (D:9)
  An acid dragon (D:9)
  A sky beast (D:7)
  A swamp drake (D:11)
  8 orc warriors
  2 ice beasts (D:7)
  A black bear (D:5)
  2 wolves (D:8)
  3 centaurs
  8 ogres
  A phantom (D:6)
  4 kobold brigands
  14 bullfrogs
  A scorpion (D:4)
  2 gnoll sergeants
  11 wights
  11 killer bees
  4 howler monkeys
  3 electric eels (D:9)
  A bullfrog zombie (D:6)
  Crazy Yiuf (D:4)
  A jelly (D:6)
  9 orc priests
  4 hounds
  3 iguanas
  A sleepcap (D:8)
  2 gnoll boudas
  Ijyb (D:4)
  Natasha (thrice) (D:4)
  A hell rat (D:8)
  14 orc wizards
  A killer bee zombie (D:6)
  13 gnolls
  3 river rats (D:8)
  14 adders
  2 white imps
  2 ufetubi (D:4)
  3 worms
  49 orcs
  12 endoplasms
  4 giant cockroaches
  4 goblins
  10 hobgoblins
  28 kobolds
  2 quokkas
  9 ball pythons
  6 bats
  3 frilled lizards
  11 rats
352 creatures vanquished.

Notes
Turn   | Place    | Note
-------+----------+-------------------------------------------
     0 | D:1      | Rogue the Spriggan Warper began the quest for the Orb.
     0 | D:1      | Reached XP level 1. HP: 10/10 MP: 5/5
   241 | D:1      | Reached skill level 5 in Translocations
   343 | D:1      | Reached XP level 2. HP: 13/14 MP: 6/6
   346 | D:1      | Learned a level 2 spell: Blink
  1218 | D:2      | Reached skill level 1 in Stealth
  1219 | D:2      | Reached XP level 3. HP: 15/18 MP: 8/8
  1613 | D:2      | Found a broken altar of Ashenzari.
  1781 | D:2      | Reached XP level 4. HP: 23/23 MP: 9/9
  1786 | D:2      | Learned a level 4 spell: Manifold Assault
  2339 | D:3      | Found a faded altar of an unknown god.
  2357 | D:3      | Reached skill level 1 in Shapeshifting
  2648 | D:3      | Identified the +7 quarterstaff of Urecusoh {holy, Str+3}
  2849 | D:3      | Reached XP level 5. HP: 26/26 MP: 10/10
  2867 | D:3      | Found a bloodstained altar of Trog.
  2869 | D:3      | Found a broken altar of Ashenzari.
  2872 | D:3      | Found a hazy altar of Hepliaklqana.
  2874 | D:3      | Found a shadowy altar of Dithmenos.
  2877 | D:3      | Became a worshipper of Ashenzari the Shackled
  3266 | D:4      | Noticed Natasha
  3304 | D:4      | Killed Natasha
  3305 | D:4      | Reached skill level 6 in Translocations
  3340 | D:4      | Noticed Ijyb
  3498 | D:4      | Killed Ijyb
  3499 | D:4      | Reached XP level 6. HP: 30/30 MP: 11/11
  3502 | D:4      | Found a sparkling altar of Nemelex Xobeh.
  3558 | D:4      | Found a runed translucent door.
  3559 | D:4      | Noticed Crazy Yiuf
  3614 | D:4      | Learned a level 4 spell: Vhi's Electric Charge
  3657 | D:4      | Noticed Edmund
  3664 | D:4      | Killed Edmund
  3715 | D:4      | Noticed Natasha
  3719 | D:4      | Killed Natasha
  3834 | D:4      | Found a sacrificial altar of Ru.
  3881 | D:4      | Found a staircase to the Ecumenical Temple.
  3901 | Temple   | Entered the Ecumenical Temple
  3937 | D:4      | Found a radiant altar of Vehumet.
  4114 | D:4      | Noticed Natasha
  4118 | D:4      | Killed Natasha
  4173 | D:4      | Killed Crazy Yiuf
  4174 | D:4      | Reached skill level 1 in Air Magic
  4174 | D:4      | Reached XP level 7. HP: 35/35 MP: 12/12
  4211 | D:5      | Entered Level 5 of the Dungeon
  4339 | D:5      | Reached skill level 1 in Evocations
  4410 | D:5      | Reached * piety under Ashenzari
  4668 | D:5      | Reached skill level 7 in Translocations
  4978 | D:5      | Reached ** piety under Ashenzari
  5841 | D:6      | Noticed a steam dragon
  5859 | D:6      | Reached XP level 8. HP: 39/39 MP: 11/15
  5894 | D:6      | Reached skill level 8 in Translocations
  5954 | D:6      | Reached *** piety under Ashenzari
  6064 | D:6      | Found a basalt altar of Yredelemnul.
  6108 | D:6      | Reached skill level 5 in Dodging
  6357 | D:6      | Found a blossoming altar of Fedhas.
  6385 | D:6      | Reached skill level 9 in Translocations
  6522 | D:6      | Learned a level 4 spell: Iskenderun's Mystic Blast
  6599 | D:6      | Reached skill level 5 in Short Blades
  6909 | D:6      | Learned a level 2 spell: Passwall
  7049 | D:6      | Reached skill level 1 in Conjurations
  7438 | D:7      | Reached skill level 1 in Transmutations
  7438 | D:7      | Reached XP level 9. HP: 45/45 MP: 1/17
  7623 | D:7      | Reached skill level 10 in Translocations
  7896 | D:7      | Reached **** piety under Ashenzari
  8168 | D:7      | Noticed Menkaure
  8339 | D:7      | Killed Menkaure
  9119 | D:7      | Reached skill level 11 in Translocations
  9560 | D:8      | Noticed a death yak
  9606 | D:8      | Found a staircase to the Lair.
  9606 | D:8      | Noticed a death yak
  9616 | D:8      | Noticed a death yak
  9629 | D:8      | Killed a death yak
  9630 | D:8      | Reached skill level 5 in Stealth
  9630 | D:8      | Reached skill level 5 in Air Magic
  9630 | D:8      | Reached XP level 10. HP: 53/53 MP: 6/19
  9668 | D:7      | Killed a death yak
  9669 | D:7      | Reached skill level 12 in Translocations
  9712 | D:8      | Noticed Grum
  9754 | D:8      | Killed Grum
  9852 | D:8      | Killed a death yak
  9882 | D:8      | Identified the cursed +2 cloak of the Visionary Gnosis
                  | {Cun, Self} (You found it on level 1 of the Dungeon)
  9882 | D:8      | Identified the cursed +0 robe "Gaze Upon Infinity" {Fort,
                  | Elem}
 11173 | D:8      | Noticed Erica
 11191 | D:8      | Killed Erica
 11192 | D:8      | Reached skill level 5 in Spellcasting
 11192 | D:8      | Reached skill level 5 in Evocations
 11394 | D:8      | Reached ***** piety under Ashenzari
 12052 | D:9      | Found an iron altar of Okawaru.
 12061 | D:9      | Found an ancient bone altar of Kikubaaqudgha.
 12098 | D:9      | Learned a level 5 spell: Yara's Violent Unravelling
 12291 | D:9      | Reached XP level 11. HP: 58/58 MP: 25/25
 12294 | D:9      | Reached skill level 1 in Hexes
 12307 | D:9      | Noticed a two-headed ogre
 13211 | D:9      | Killed a two-headed ogre
 13977 | D:9      | Reached skill level 13 in Translocations
 14569 | D:10     | Entered Level 10 of the Dungeon
 14647 | D:10     | Found a flagged portal.
 14660 | Bailey   | Entered a bailey
 14661 | Bailey   | Reached skill level 5 in Fighting
 14661 | Bailey   | Reached skill level 5 in Transmutations
 14661 | Bailey   | Reached XP level 12. HP: 65/65 MP: 9/27
 15208 | Bailey   | Noticed Prince Ribbit
 15362 | Bailey   | Killed Prince Ribbit
 15411 | Bailey   | Noticed a vault guard
 15496 | Bailey   | Killed a vault guard
 15632 | Bailey   | Noticed a vault guard
 15666 | Bailey   | Killed a vault guard
 16047 | D:10     | Found a runed translucent door.
 16047 | D:10     | Noticed Wizard1ke's ghost (journeyman OgBe)
 16390 | D:10     | Found an ornate altar of the Wu Jian Council.
 17390 | D:10     | Reached skill level 5 in Hexes
 17800 | D:11     | Noticed a two-headed ogre
 17824 | D:11     | Killed a two-headed ogre
 17825 | D:11     | Reached skill level 14 in Translocations
 17998 | D:11     | Noticed a two-headed ogre
 18026 | D:11     | Found a staircase to the Orcish Mines.
 18450 | D:11     | Noticed Erolcha
 18481 | D:11     | Killed Erolcha
 18612 | D:11     | Noticed a boulder beetle
 18827 | D:11     | Reached skill level 1 in Earth Magic
 18827 | D:11     | Reached XP level 13. HP: 70/70 MP: 29/29
 19445 | Orc:1    | Entered Level 1 of the Orcish Mines
 19896 | Orc:1    | Paralysed by an orc sorcerer for 3 turns
 19903 | Orc:1    | Paralysed by an orc sorcerer for 5 turns
 19907 | Orc:1    | Mangled by an ice devil

Illustrated notes

Levels and vault maps discovered:
D:1:      saegor_arrival_simple_b, layout_basic
D:2:      layout_basic, basic_altar, st_stairs_13, lexackson_kobold_supper
D:3:      layout_loops_ring, minitemple, nicolae_ecumenical_snake_handling,
          minmay_misc_feat_hallway, eino_tiny_chamber
D:4:      layout_basic, kennysheep_little_box, nicolae_ru_the_path_less_chosen,
          nemelex_spade_bored_becter, minmay_temple_entry_offerings,
          uniq_crazy_yiuf_cottage, uniq_edmund, uniq_natasha, uniq_ijyb
D:5:      layout_layer_cave, lemuel_flamethrower_2
D:6:      layout_basic, lemuel_crystal_altar, lemuel_zombie_altar_yredelemnul,
          lemuel_flamethrower_1
D:7:      layout_basic, uniq_menkaure
D:8:      layout_basic, dpeg_lair_monsters, uniq_erica, uniq_grum
D:9:      layout_gridville, mainiacjoe_overflow_swirl, chequers_big_river,
          dk_vineyard_2, onia_ninara_cookie
D:10:     layout_stronghold, nzn_wu_jian_council_hall, gammafunk_ghost_grave,
          enter_bailey_2
D:11:     layout_long_grid, erik_orc_1, uniq_erolcha
Temple:   hellmonk_temple_beads
Orc:1:    layout_caves, serial_shops, shop

Skill      XL: |  1  2  3  4  5  6  7  8  9 10 11 12 13 |
---------------+----------------------------------------+-----
Translocations | 5 6 7 9 11 12 13 14 | 14.3
Stealth        | 1 2 3 4 5 6 |  6.6
Fighting       | 2 3 4 5 6 |  6.3
Shapeshifting  | 1 2 3 4 |  4.2
Short Blades   | 3 4 5 6 |  6.8
Dodging        | 4 5 |  5.9
Throwing       | 2 3 |  3.7
Air Magic      | 1 2 3 5 6 7 8 |  8.0
Evocations     | 1 3 5 7 8 |  8.8
Spellcasting   | 3 6 7 8 |  8.8
Conjurations   | 1 2 3 |  3.8
Transmutations | 1 2 5 6 |  6.6
Hexes          | 4 5 |  5.6
Earth Magic    | 1 |  1.0

Action                     |  1- 3 |  4- 6 |  7- 9 | 10-12 | 13-15 || total
---------------------------+-------+-------+-------+-------+-------++-------
  Melee: Short sword       |    42 |       |       |       |       ||    42
         Rapier            |    75 |       |       |       |       ||    75
         Dagger            |    11 |   290 |   263 |   402 |    41 ||  1007
         Punch             |     1 |     7 |     4 |     2 |       ||    14
  Throw: Stone             |     3 |       |       |       |       ||     3
         Dart              |     9 |    35 |    26 |    51 |    15 ||   136
         Throwing net      |       |       |     3 |     2 |       ||     5
   Cast: Manifold Assault  |       |       |    52 |    43 |    11 ||   106
         Vhi's Electric Ch |       |       |    21 |    88 |     2 ||   111
         Passwall          |       |       |     9 |    29 |       ||    38
         Iskenderun's Myst |       |       |    19 |   124 |    30 ||   173
         Blink             |       |       |     2 |    15 |     1 ||    18
 Invoke: Curse Item        |       |       |     5 |     2 |       ||     7
  Evoke: Wand              |       |     8 |    17 |    17 |       ||    42
    Use: Scroll            |       |     4 |     1 |     2 |       ||     7
         Potion            |       |       |       |     2 |       ||     2
   Stab: Sleeping          |     6 |     7 |    12 |    16 |       ||    41
         Distracted        |       |     1 |       |       |       ||     1
         Held in net/web   |       |       |       |     4 |       ||     4
 Armour: Robe              |    28 |    28 |    57 |    82 |    23 ||   218
         Skin              |       |       |       |     3 |       ||     3
  Dodge: Dodged            |    95 |    72 |   121 |   187 |    25 ||   500
   Form: Beast             |     1 |       |       |       |       ||     1
                           |       |       |     1 |       |       ||     1

Table legend: (Time is in decaauts)
 A = Elapsed time spent in this place.
 B = Non-inter-level travel time spent in this place.
 C = Inter-level travel time spent in this place.
 D = Time resting spent in this place.
 E = Time spent auto-exploring this place.
 F = Levels seen in this place.
 G = Mean time per level.
                   A        B        C        D        E       F      G
               +--------+--------+--------+--------+--------+-----+--------+
         Total |  15485 |  14927 |    558 |   1803 |   9405 |  14 | 1106.1 |
       Dungeon |  14534 |  13976 |    558 |   1263 |   9405 |  11 | 1321.3 |
        Temple |      1 |      1 |      0 |      0 |      0 |   1 |    1.0 |
  Orcish Mines |     60 |     60 |      0 |      0 |      0 |   1 |   60.0 |
        Bailey |    889 |    889 |      0 |    539 |      0 |   1 |  889.0 |
               +--------+--------+--------+--------+--------+-----+--------+

Top non-repeatable levels by time:
     D:9: 2741 daAuts
     D:7: 1808 daAuts
    D:11: 1662 daAuts
    D:10: 1600 daAuts
     D:8: 1545 daAuts
     D:6: 1240 daAuts
     D:5: 1099 daAuts
  Bailey: 889 daAuts
     D:2: 846 daAuts
     D:1: 772 daAuts
     D:4: 750 daAuts
     D:3: 466 daAuts
   Orc:1: 60 daAuts
  Temple: 1 daAuts
